 Dungeon Crawl Stone Soup version 0.25-a0-1133-g93ebf739aa (webtiles) character file.

Game seed: 8769986718762871225, levelgen mode: deterministic

297 Flugslaktarn the Covered (level 6, -1/39 HPs)
             Began as a Gargoyle Fighter on May 20, 2020.
             Slain by an orc
             ... wielding a +0 short sword
              (2 damage)
             ... on level 6 of the Dungeon.
             The game lasted 00:02:15 (396 turns).

Flugslaktarn the Covered (Gargoyle Fighter)          Turns: 396, Time: 00:02:16

Health: -1/39      AC: 13    Str: 22    XL:     6   Next: 35%
Magic:  6/6        EV:  9    Int:  8    God:
Gold:   36         SH:  0    Dex:  9    Spells: 5/5 levels left

rFire    . . .     SeeInvis .   d - +2 quarterstaff (chaos)
rCold    . . .     Gourm    .   (shield currently unavailable)
rNeg     + . .     Faith    .   b - +0 scale mail
rPois    ∞         Spirit   .   k - +1 hat
rElec    +         Reflect  .   h - +0 cloak
rCorr    .         Harm     .   (no gloves)
MR       .....                  (no boots)
Stlth    ..........             (no amulet)
HPRegen  0.13/turn              (no ring)
MPRegen  0.10/turn              (no ring)

@: no status effects
A: negative energy resistance 1, electricity resistance, unbreathing,
petrification resistance, rot immunity, AC +4
a: no special abilities


You were on level 6 of the Dungeon.
You were not hungry.

You visited 1 branch of the dungeon, and saw 4 of its levels.

You collected 36 gold pieces.

Inventory:

Hand Weapons
 a - a +0 war axe
 d - a +2 quarterstaff of chaos (weapon)
   (You took it off Crazy Yiuf on level 3 of the Dungeon)
Armour
 b - a +0 scale mail (worn)
 c - a +0 kite shield
 h - a +0 cloak (worn)
   (You took it off Crazy Yiuf on level 3 of the Dungeon)
 k - a +1 hat (worn)
   (You found it on level 6 of the Dungeon)
Potions
 f - a potion of curing {unknown}
 g - 2 potions of magic
Comestibles
 e - 2 rations


   Skills:
 + Level 4.4 Fighting
 * Level 3.9 Axes
 + Level 4.5 Armour
 + Level 4.4 Shields


You had 5 spell levels left.
You didn't know any spells.
Your spell library was empty.

Dungeon Overview and Level Annotations

Branches:
Dungeon (3/15)

Altars:

Annotations:
D:6 Blork the orc


Innate Abilities, Weirdness & Mutations

You are resistant to torment.
Your stone body is resilient. (AC +4)
You are immune to poison.
You resist negative energy. (rN+)
You are resistant to electric shocks. (rElec)
You can survive without breathing.
You are immune to petrification.
You are immune to rotting.


Message History

The orc priest calls upon Beogh to heal the orc priest.
The orc priest's wounds heal themselves!
The orc priest closely misses you.
You hit the orc priest but do no damage.
Lightning courses through the orc priest!
The orc priest is heavily wounded.
The orc priest hits you but does no damage.
You hit the orc priest but do no damage.
The orc priest seems to slow down.
The orc priest is heavily wounded.
The orc priest mumbles some strange prayers to Beogh against you.
Beogh smites you!
* * * LOW HITPOINT WARNING * * *
The orc priest calls down the wrath of Beogh upon you.
Pain shoots through your body!
* * * LOW HITPOINT WARNING * * *
You closely miss the orc priest.
The orc priest is heavily wounded.
The orc hits you with a +0 short sword.
You die...

#.#..
.......
#.####
..####.
#.# #.#
#.# #.#
#.# #o#
#@# #o#
#o# #)#
#.# #..
###


You could see 2 orc priests and an orc.

Vanquished Creatures
  An ogre (D:6)
  A wyvern skeleton (D:6)
  A scorpion (D:6)
  Crazy Yiuf (D:3)
  An orc wizard (D:3)
  2 adders
  A worm (D:3)
  A dart slug (D:2)
  4 orcs
  2 giant cockroaches
  2 goblins
  3 hobgoblins (D:2)
  2 bats (D:2)
  A frilled lizard (D:2)
  A rat (D:3)
24 creatures vanquished.

Notes
Turn   | Place    | Note
-------+----------+-------------------------------------------
     0 | D:1      | Flugslaktarn the Gargoyle Fighter began the quest for the
                  | Orb.
     0 | D:1      | Reached XP level 1. HP: 14/14 MP: 1/1
    82 | D:2      | Reached XP level 2. HP: 13/19 MP: 2/2
   212 | D:3      | Found a runed translucent door.
   212 | D:3      | Noticed Crazy Yiuf
   215 | D:3      | Killed Crazy Yiuf
   215 | D:3      | Reached XP level 3. HP: 7/24 MP: 3/3
   249 | D:3      | Reached XP level 4. HP: 12/29 MP: 4/4
   306 | D:3      | You fall into a shaft and drop 3 floors!
   311 | D:6      | Reached XP level 5. HP: 16/33 MP: 5/5
   322 | D:6      | Noticed an ogre
   332 | D:6      | Killed an ogre
   332 | D:6      | Reached XP level 6. HP: 15/39 MP: 6/6
   358 | D:6      | Noticed Blork the orc
   395 | D:6      | HP: 1/39 [orc priest/nerve-wracking pain (7)]
   396 | D:6      | Slain by an orc

Illustrated notes

Levels and vault maps discovered:
D:1:      elethiomel_arrival_quiet, layout_loops_ring, minivault_4
D:2:      layout_rooms, first_ration, minmay_pentomino_pile, uniq_terence
D:3:      layout_loops_corners, uniq_crazy_yiuf_cottage
D:6:      layout_loops_ring, old_standard_altar, serial_shops,
          nicolae_shop_statue_plus, bloody_trog, uniq_pikel, uniq_blork_the_orc,
          uniq_grinder

Skill      XL: |  1  2  3  4 |
---------------+-------------+-----
Axes           | 2 3 |  3.9
Fighting       | 4 |  4.4
Armour         | 4 |  4.5
Shields        | 4 |  4.4

Action                   |  1- 3 |  4- 6 || total
-------------------------+-------+-------++-------
Melee: War axe           |    53 |       ||    53
       Quarterstaff      |     5 |    36 ||    41
  Use: Scroll            |     1 |     2 ||     3
       Potion            |     1 |       ||     1
Armor: Scale mail        |    39 |    22 ||    61
Dodge: Dodged            |    33 |    15 ||    48
Block: Kite shield       |    55 |       ||    55

Table legend:
 A = Non-vault XP
 B = Vault XP
 C = Vault XP percentage of total XP
 D = Non-vault monster count
 E = Vault monster count
 F = Vault count percentage of total count
                 A         B        C        D         E       F
            +---------+---------+-------+---------+---------+-------
      Total |     381 |      44 |  10.4 |      23 |       1 |   4.2
            +---------+---------+-------+---------+---------+-------
        D:2 |      31 |       0 |   0.0 |      10 |       0 |   0.0
        D:3 |      72 |      44 |  37.9 |       9 |       1 |  10.0
        D:6 |     278 |       0 |   0.0 |       4 |       0 |   0.0
            +---------+---------+-------+---------+---------+-------
